| TOP OF THE 1ST |
|
Hagerstown Suns batting - Pitching for Greensboro Grasshoppers : RHP Glen Patterson
|
|
Pitching: RHP Glen Patterson
|
|
|
Batting: SHB Dan Castaneda
|
0-0: Ball 1-0: Called Strike 1-1: Foul Ball, location: 2F 1-2: Foul Ball, location: 2F 1-2: Strikes out swinging
|
|
Batting: RHB Pat Drader
|
0-0: Ground out 4-3 (Groundball, 4M, EV 104.4 MPH)
|
|
Batting: LHB John Luke
|
0-0: Ball 1-0: Ball 2-0: Called Strike 2-1: Foul Ball, location: 2F 2-2: Ball 3-2: Foul Ball, location: 2F 3-2: Foul Ball, location: 2F 3-2: SINGLE (Groundball, 4MD, EV 95.6 MPH)
|
|
Batting: RHB Kevin Wick
|
0-0: Ball 1-0: Called Strike 1-1: Ball 2-1: Ball 3-1: Base on Balls John Luke to second
|
|
Batting: RHB John McNeill
|
0-0: Swinging Strike 0-1: Hit by Pitch John Luke to third Kevin Wick to second
|
|
Batting: RHB Felix Torres
|
0-0: Swinging Strike 0-1: Ball 1-1: Called Strike 1-2: Foul Ball, location: 2F 1-2: Foul Ball, location: 2F 1-2: Ball 2-2: Ball 3-2: Strikes out swinging
|
| Top of the 1st over - 0 runs, 1 hit, 0 errors, 3 left on base; Hagerstown 0 - Greensboro 0 |
| BOTTOM OF THE 1ST |
|
Greensboro Grasshoppers batting - Pitching for Hagerstown Suns : RHP Manny Arguelles
|
|
Pitching: RHP Manny Arguelles
|
|
|
Batting: RHB Tom Thompson
|
0-0: Called Strike 0-1: Ball 1-1: Ball 2-1: Foul Ball, location: 2F 2-2: Ball 3-2: Fly out, F9 (Flyball, 89M, EV 91.9 MPH)
|
|
Batting: RHB Torquato Obawole
|
0-0: Ball 1-0: DOUBLE (Flyball, 8LXD, EV 90.6 MPH)
|
|
Batting: RHB Isaiah Brockman
|
0-0: Ball 1-0: Ball 2-0: Swinging Strike 2-1: Ball 3-1: DOUBLE (Line Drive, 78D, EV 112.5 MPH) Torquato Obawole scores
|
|
Batting: RHB Jake Shelton
|
0-0: Ball 1-0: Ball 2-0: Called Strike 2-1: Called Strike 2-2: Ball 3-2: Ground out 6-3 (Groundball, 56, EV 90.0 MPH)
|
|
Batting: RHB Boof Howell
|
0-0: Called Strike 0-1: Ball 1-1: Called Strike 1-2: Strikes out looking
|
| Bottom of the 1st over - 1 run, 2 hits, 0 errors, 1 left on base; Hagerstown 0 - Greensboro 1 |
| TOP OF THE 2ND |
|
Hagerstown Suns batting - Pitching for Greensboro Grasshoppers : RHP Glen Patterson
|
|
Batting: LHB Mike Condon
|
0-0: Foul Ball, location: 2F 0-1: Ball 1-1: Swinging Strike 1-2: Strikes out swinging
|
|
Batting: RHB Josh Courtney
|
0-0: Ball 1-0: Swinging Strike 1-1: Foul Ball, location: 2F 1-2: Ball 2-2: Ball 3-2: Strikes out swinging
|
|
Batting: RHB Scott Skoglund
|
0-0: Ground out 6-3 (Groundball, 6, EV 106.9 MPH)
|
| Top of the 2nd over - 0 runs, 0 hits, 0 errors, 0 left on base; Hagerstown 0 - Greensboro 1 |
| BOTTOM OF THE 2ND |
|
Greensboro Grasshoppers batting - Pitching for Hagerstown Suns : RHP Manny Arguelles
|
|
Batting: RHB Masumitsu Sugiura
|
0-0: Foul Ball, location: 2F 0-1: Called Strike 0-2: Strikes out looking
|
|
Batting: RHB Jordan Arcidez
|
0-0: Swinging Strike 0-1: Ball 1-1: Foul Ball, location: 2F 1-2: Ball 2-2: Ground out 1-3 (Groundball, P, EV 75.6 MPH)
|
|
Batting: RHB Bob Raine
|
0-0: Ball 1-0: Ball 2-0: Ball 3-0: Called Strike 3-1: Foul Ball, location: 2F 3-2: Base on Balls
|
|
Batting: RHB Wei-guo Tsu
|
0-0: 2-RUN HOME RUN (Flyball, 7LD, EV 95.0 MPH), Distance : 346 ft
|
|
Batting: RHB Tom Thompson
|
0-0: Ball 1-0: DOUBLE (Line Drive, 78D, EV 105.6 MPH)
|
|
Batting: RHB Torquato Obawole
|
0-0: Called Strike 0-1: Foul Ball, location: 2F 0-2: Ball 1-2: Ball 2-2: Foul Ball, location: 2F 2-2: Foul Ball, location: 2F 2-2: Ball 3-2: SINGLE (Line Drive, 4MD, EV 98.8 MPH) Tom Thompson to third Runner from 3rd tries for Home, SAFE, throw by CF to home Torquato Obawole to second
|
|
Batting: RHB Isaiah Brockman
|
0-0: Foul Ball, location: 2F 0-1: Foul Ball, location: 2F 0-2: Ball Wild Pitch! Torquato Obawole to third 1-2: Foul Ball, location: 2F 1-2: Ground out 5-3 (Groundball, 56S, EV 89.4 MPH)
|
| Bottom of the 2nd over - 3 runs, 3 hits, 0 errors, 1 left on base; Hagerstown 0 - Greensboro 4 |
| TOP OF THE 3RD |
|
Hagerstown Suns batting - Pitching for Greensboro Grasshoppers : RHP Glen Patterson
|
|
Batting: SHB Dan Castaneda
|
0-0: Ball 1-0: Called Strike 1-1: Ball 2-1: Ground out 4-3 (Groundball, 4, EV 105.6 MPH)
|
|
Batting: RHB Pat Drader
|
0-0: Ground out 6-3 (Groundball, 56, EV 85.0 MPH)
|
|
Batting: LHB John Luke
|
0-0: Ground out U3 (Groundball, 3, EV 105.6 MPH)
|
| Top of the 3rd over - 0 runs, 0 hits, 0 errors, 0 left on base; Hagerstown 0 - Greensboro 4 |
| BOTTOM OF THE 3RD |
|
Greensboro Grasshoppers batting - Pitching for Hagerstown Suns : RHP Manny Arguelles
|
|
Batting: RHB Jake Shelton
|
0-0: Foul Ball, location: 2F 0-1: Ball 1-1: Ball 2-1: Swinging Strike 2-2: Fly out, F3 (Popup, 34S, EV 80.6 MPH)
|
|
Batting: RHB Boof Howell
|
0-0: Called Strike 0-1: Called Strike 0-2: Strikes out swinging
|
|
Batting: RHB Masumitsu Sugiura
|
0-0: Ball 1-0: SINGLE (Groundball, 4, EV 102.5 MPH)
|
|
Batting: RHB Jordan Arcidez
|
0-0: Called Strike 0-1: Foul Ball, location: 2F 0-2: Strikes out looking
|
| Bottom of the 3rd over - 0 runs, 1 hit, 0 errors, 1 left on base; Hagerstown 0 - Greensboro 4 |
| TOP OF THE 4TH |
|
Hagerstown Suns batting - Pitching for Greensboro Grasshoppers : RHP Glen Patterson
|
|
Batting: RHB Kevin Wick
|
0-0: Foul Ball, location: 2F 0-1: Swinging Strike 0-2: Strikes out swinging
|
|
Batting: RHB John McNeill
|
0-0: Ball 1-0: Ball 2-0: Ball 3-0: Base on Balls
|
|
Batting: RHB Felix Torres
|
0-0: Ball 1-0: Called Strike 1-1: Foul Ball, location: 2F 1-2: Ball 2-2: Ball 3-2: Foul Ball, location: 2F 3-2: Strikes out looking
|
|
Batting: LHB Mike Condon
|
0-0: Called Strike 0-1: Called Strike 0-2: Strikes out swinging
|
| Top of the 4th over - 0 runs, 0 hits, 0 errors, 1 left on base; Hagerstown 0 - Greensboro 4 |
| BOTTOM OF THE 4TH |
|
Greensboro Grasshoppers batting - Pitching for Hagerstown Suns : RHP Manny Arguelles
|
|
Batting: RHB Bob Raine
|
0-0: Called Strike 0-1: Foul Ball, location: 2F 0-2: Hit by Pitch
|
|
Batting: RHB Wei-guo Tsu
|
0-0: Ball 1-0: Fielders Choice at 2nd, 3-6 (Groundball, 3, EV 101.3 MPH)
|
|
Pitching: RHP Tony Estrada
|
|
|
Batting: RHB Tom Thompson
|
0-0: Ball 1-0: Ball 2-0: SINGLE (Groundball, 4M, EV 98.8 MPH) Wei-guo Tsu to second
|
|
Batting: RHB Torquato Obawole
|
0-0: Ball 1-0: Ball 2-0: Foul Ball, location: 2F 2-1: Foul Ball, location: 2F 2-2: Ball 3-2: Strikes out looking
|
|
Batting: RHB Isaiah Brockman
|
0-0: Called Strike 0-1: Fly out, F9 (Line Drive, 9, EV 111.3 MPH)
|
| Bottom of the 4th over - 0 runs, 1 hit, 0 errors, 2 left on base; Hagerstown 0 - Greensboro 4 |
| TOP OF THE 5TH |
|
Hagerstown Suns batting - Pitching for Greensboro Grasshoppers : RHP Glen Patterson
|
|
Batting: RHB Josh Courtney
|
0-0: Called Strike 0-1: Ground out 4-3 (Groundball, 4, EV 100.0 MPH)
|
|
Batting: RHB Scott Skoglund
|
0-0: Ball 1-0: Ball 2-0: Called Strike 2-1: Swinging Strike 2-2: Ball 3-2: Strikes out swinging
|
|
Batting: SHB Dan Castaneda
|
0-0: Called Strike 0-1: Ball 1-1: Ball 2-1: Foul Ball, location: 2F 2-2: Ball 3-2: Fly out, F9 (Line Drive, 9, EV 83.1 MPH)
|
| Top of the 5th over - 0 runs, 0 hits, 0 errors, 0 left on base; Hagerstown 0 - Greensboro 4 |
| BOTTOM OF THE 5TH |
|
Greensboro Grasshoppers batting - Pitching for Hagerstown Suns : RHP Tony Estrada
|
|
Batting: RHB Jake Shelton
|
0-0: Ball 1-0: Called Strike 1-1: Ball 2-1: Ball 3-1: SINGLE (Flyball, 3D, EV 91.3 MPH)
|
|
Batting: RHB Boof Howell
|
0-0: Called Strike Jake Shelton steals 2nd, throwing error, E2 Jake Shelton to third 0-1: Ball 1-1: Called Strike 1-2: SINGLE (Line Drive, 78S, EV 104.4 MPH) Jake Shelton scores
|
|
Batting: RHB Masumitsu Sugiura
|
0-0: Swinging Strike 0-1: Ball Boof Howell steals 2nd base 1-1: Foul Ball, location: 2F 1-2: SINGLE (Flyball, 3D, EV 91.9 MPH) Boof Howell to third
|
|
Batting: RHB Jordan Arcidez
|
0-0: Called Strike 0-1: Foul Ball, location: 2F 0-2: Fielders Choice at 2nd, 5-4 (Groundball, 56, EV 88.8 MPH) Boof Howell scores
|
|
Batting: RHB Bob Raine
|
0-0: Ball 1-0: Called Strike Jordan Arcidez steals 2nd base 1-1: Ball 2-1: Fly out, F7 (Flyball, 78S, EV 70.6 MPH)
|
|
Batting: RHB Wei-guo Tsu
|
0-0: Ball 1-0: Ball 2-0: Ball 3-0: Base on Balls
|
|
Batting: RHB Tom Thompson
|
0-0: Ball 1-0: Swinging Strike 1-1: SINGLE (Groundball, 6MD, EV 99.4 MPH) Jordan Arcidez to third Wei-guo Tsu to second Runner from 3rd tries for Home, SAFE, throw by CF to home
|
|
Batting: RHB Torquato Obawole
|
0-0: Ball 1-0: Called Strike 1-1: Ball 2-1: Ball 3-1: Foul Ball, location: 2F 3-2: Foul Ball, location: 2F 3-2: Strikes out swinging
|
| Bottom of the 5th over - 3 runs, 4 hits, 1 error, 2 left on base; Hagerstown 0 - Greensboro 7 |
| TOP OF THE 6TH |
|
Hagerstown Suns batting - Pitching for Greensboro Grasshoppers : RHP Glen Patterson
|
|
Batting: RHB Pat Drader
|
0-0: Ball 1-0: Called Strike 1-1: Swinging Strike 1-2: Foul Ball, location: 2F 1-2: Ball 2-2: SINGLE (Groundball, 6MD, EV 101.3 MPH)
|
|
Pitching: RHP Marco Quezada
|
|
|
Batting: LHB John Luke
|
0-0: Called Strike 0-1: Called Strike 0-2: Foul Ball, location: 2F 0-2: Ball 1-2: Foul Ball, location: 2F 1-2: Strikes out swinging
|
|
Batting: RHB Kevin Wick
|
0-0: Ball 1-0: Ball 2-0: Foul Ball, location: 2F 2-1: Ball Pat Drader steals 2nd base 3-1: 2-RUN HOME RUN (Line Drive, 7LD, EV 93.1 MPH), Distance : 362 ft
|
|
Batting: RHB John McNeill
|
0-0: Ball 1-0: Foul Ball, location: 2F 1-1: Called Strike 1-2: Ground out 4-3 (Groundball, 4M, EV 101.3 MPH)
|
|
Batting: RHB Felix Torres
|
0-0: Ball 1-0: Swinging Strike 1-1: Fly out, F9 (Flyball, 89M, EV 91.3 MPH)
|
| Top of the 6th over - 2 runs, 2 hits, 0 errors, 0 left on base; Hagerstown 2 - Greensboro 7 |
| BOTTOM OF THE 6TH |
|
Greensboro Grasshoppers batting - Pitching for Hagerstown Suns : RHP Tony Estrada
|
|
Batting: RHB Isaiah Brockman
|
0-0: Called Strike 0-1: Ball 1-1: Foul Ball, location: 2F 1-2: Fly out, F3 (Line Drive, 34, EV 86.3 MPH)
|
|
Batting: RHB Jake Shelton
|
0-0: Ball 1-0: Ball 2-0: Called Strike 2-1: Called Strike 2-2: Ball 3-2: Foul Ball, location: 2F 3-2: SOLO HOME RUN (Flyball, 78XD, EV 104.4 MPH), Distance : 418 ft
|
|
Pitching: RHP Jon Baily
|
|
|
Batting: RHB Boof Howell
|
0-0: Called Strike 0-1: Ball 1-1: Swinging Strike 1-2: Foul Ball, location: 2F 1-2: Strikes out swinging
|
|
Batting: RHB Masumitsu Sugiura
|
0-0: Called Strike 0-1: Ball 1-1: Ground out 6-3 (Groundball, 4MS, EV 94.4 MPH)
|
| Bottom of the 6th over - 1 run, 1 hit, 0 errors, 0 left on base; Hagerstown 2 - Greensboro 8 |
| TOP OF THE 7TH |
|
Hagerstown Suns batting - Pitching for Greensboro Grasshoppers : RHP Marco Quezada
|
|
Batting: LHB Mike Condon
|
0-0: Ball 1-0: Ground out 4-3 (Groundball, 34, EV 100.0 MPH)
|
|
Batting: RHB Josh Courtney
|
0-0: Ball 1-0: Swinging Strike 1-1: Foul Ball, location: 2F 1-2: Ball 2-2: Hit by Pitch
|
|
Batting: RHB Scott Skoglund
|
0-0: Called Strike 0-1: Foul Ball, location: 2F 0-2: Ball 1-2: Ball 2-2: Ball 3-2: SINGLE (Groundball, 5S, EV 98.1 MPH) Josh Courtney to second
|
|
Pitching: RHP Reinaart Meyer
|
|
|
Batting: SHB Dan Castaneda
|
0-0: Ball 1-0: Foul Ball, location: 2F 1-1: Swinging Strike 1-2: Fielders Choice at 2nd, 4-6 (Groundball, 4, EV 86.9 MPH) Josh Courtney to third
|
|
Batting: RHB Pat Drader
|
0-0: Foul Ball, location: 2F 0-1: Ball Dan Castaneda steals 2nd base (no throw) 1-1: Ball 2-1: Ground out U3 (Groundball, 34, EV 80.6 MPH)
|
| Top of the 7th over - 0 runs, 1 hit, 0 errors, 2 left on base; Hagerstown 2 - Greensboro 8 |
| BOTTOM OF THE 7TH |
|
Greensboro Grasshoppers batting - Pitching for Hagerstown Suns : RHP Jon Baily
|
|
Batting: RHB Jordan Arcidez
|
0-0: Ball 1-0: Ball 2-0: Foul Ball, location: 2F 2-1: Swinging Strike 2-2: Foul Ball, location: 2F 2-2: Strikes out looking
|
|
Batting: RHB Bob Raine
|
0-0: Swinging Strike 0-1: DOUBLE (Line Drive, 78M, EV 106.9 MPH)
|
|
Batting: RHB Wei-guo Tsu
|
0-0: Called Strike 0-1: Foul Ball, location: 2F 0-2: Ball 1-2: Ball Wild Pitch! Bob Raine to third 2-2: Strikes out swinging
|
|
Batting: RHB Tom Thompson
|
0-0: Ball 1-0: Ball 2-0: Swinging Strike 2-1: Fly out, F8 (Flyball, 8LD, EV 96.3 MPH)
|
| Bottom of the 7th over - 0 runs, 1 hit, 0 errors, 1 left on base; Hagerstown 2 - Greensboro 8 |
| TOP OF THE 8TH |
|
Hagerstown Suns batting - Pitching for Greensboro Grasshoppers : RHP Reinaart Meyer
|
|
Batting: LHB John Luke
|
0-0: Foul Ball, location: 2F 0-1: Called Strike 0-2: Ball 1-2: Ball 2-2: Ground out 5-3 (Groundball, 6, EV 88.8 MPH)
|
|
Batting: RHB Kevin Wick
|
0-0: Called Strike 0-1: Swinging Strike 0-2: Ball 1-2: Foul Ball, location: 2F 1-2: Ball 2-2: Ball 3-2: Foul Ball, location: 2F 3-2: Foul Ball, location: 2F 3-2: Strikes out looking
|
|
Batting: RHB John McNeill
|
0-0: Ball 1-0: Ball 2-0: Called Strike 2-1: Ground out 5-3 (Groundball, 56S, EV 66.3 MPH)
|
| Top of the 8th over - 0 runs, 0 hits, 0 errors, 0 left on base; Hagerstown 2 - Greensboro 8 |
| BOTTOM OF THE 8TH |
|
Greensboro Grasshoppers batting - Pitching for Hagerstown Suns : RHP Jon Baily
|
|
Batting: RHB Torquato Obawole
|
0-0: Swinging Strike 0-1: Ball 1-1: Called Strike 1-2: Ball 2-2: Foul Ball, location: 2F 2-2: Foul Ball, location: 2F 2-2: Ball 3-2: Strikes out swinging
|
|
Pitching: RHP Alpha Miller
|
|
|
Batting: RHB Isaiah Brockman
|
0-0: Foul Ball, location: 2F 0-1: Ball 1-1: Ball 2-1: Ball 3-1: SINGLE (Line Drive, 8LS, EV 105.6 MPH)
|
|
Batting: RHB Jake Shelton
|
0-0: Ball 1-0: SINGLE (Groundball, 15S, EV 70.0 MPH) (infield hit) Isaiah Brockman to second
|
|
Batting: RHB Boof Howell
|
0-0: Foul Ball, location: 2F 0-1: Ball 1-1: Hit by Pitch Isaiah Brockman to third Jake Shelton to second
|
|
Batting: RHB Masumitsu Sugiura
|
0-0: Ball 1-0: Called Strike 1-1: Foul Ball, location: 2F 1-2: Strikes out swinging
|
|
Batting: RHB Jordan Arcidez
|
0-0: Called Strike 0-1: Ball 1-1: Foul Ball, location: 2F 1-2: Foul Ball, location: 2F 1-2: Foul Ball, location: 2F 1-2: Fly out, F9 (Flyball, 9D, EV 104.4 MPH)
|
| Bottom of the 8th over - 0 runs, 2 hits, 0 errors, 3 left on base; Hagerstown 2 - Greensboro 8 |
| TOP OF THE 9TH |
|
Hagerstown Suns batting - Pitching for Greensboro Grasshoppers : RHP Reinaart Meyer
|
|
Batting: RHB Felix Torres
|
0-0: Called Strike 0-1: Ball 1-1: Swinging Strike 1-2: Foul Ball, location: 2F 1-2: Ball 2-2: Foul Ball, location: 2F 2-2: Ground out 6-3 (Groundball, 6, EV 91.3 MPH)
|
|
Pitching: LHP Nick Gore
|
|
|
Batting: LHB Mike Condon
|
0-0: Fly out, F7 (Line Drive, 7D, EV 96.3 MPH)
|
|
Batting: RHB Josh Courtney
|
0-0: Called Strike 0-1: Ball 1-1: Foul Ball, location: 2F 1-2: Strikes out swinging
|
| Top of the 9th over - 0 runs, 0 hits, 0 errors, 0 left on base; Hagerstown 2 - Greensboro 8 |
|